 Dungeon Crawl Stone Soup version 0.30.0-15-g856e2d3f33 (webtiles) character file.

Game seed: 17512913686025175707

5 ProzacElf the Sneak (level 1, 0/18 HPs)
             Began as a Demonspawn Delver on May 19, 2023.
             Succumbed to a scorpion's poison
             ... on level 4 of the Dungeon.
             The game lasted 00:01:37 (186 turns).

ProzacElf the Sneak (Demonspawn Delver)              Turns: 186, Time: 00:01:38

Health: 0/18       AC:  3    Str: 12    XL:     1   Next: 66%
Magic:  1/1        EV: 11    Int: 11    God:
Gold:   21         SH:  0    Dex: 14    Spells: 0/0 levels left

rFire   . . .        a - +0 mace
rCold   . . .        (no shield)
rNeg    . . .        b - +0 leather armour
rPois   .            (no helmet)
rElec   .            (no cloak)
rCorr   .            (no gloves)
SInv    .            (no boots)
Will    .....        (no amulet)
Stlth   +++          (no ring)
HPRegen 0.23/turn    (no ring)
MPRegen 0.07/turn

%: no passive effects
@: lethally poisoned (0 -> -11)
A: no striking features
a: no special abilities


You were on level 4 of the Dungeon.
You visited 1 branch of the dungeon, and saw 2 of its levels.

You collected 21 gold pieces.

Inventory:

Hand Weapons
 a - a +0 mace (weapon)
Armour
 b - a +0 leather armour (worn)
Wands
 g - a wand of digging (3)
Scrolls
 c - a scroll of fog
 d - a scroll of magic mapping
 e - a scroll of fear
Potions
 f - a potion of haste


   Skills:
 - Level 3.0 Fighting
 + Level 1.9 Maces & Flails
 + Level 1.9 Dodging
 * Level 4.6 Stealth


You couldn't memorise any spells.
You didn't know any spells.
Your spell library was empty.

Dungeon Overview and Level Annotations

Branches:
Dungeon (5/15)
 Temple: D:4-7

Altars:
Uskayaw


Message History

Thar be a stone staircase leadin' down 'ere.
Tha kobold attacks as ye move away!
Tha kobold hits ye wit' a +0 short sword.
Tha kobold throws a stone.
Tha stone barely misses ye.
Ye take 4 damage, an' haf 14/18 hp.
MASSIVE DAMAGE!!
Found a whip.
Tha kobold throws a stone.
Tha stone hits ye but does nay damage.
Ye closely miss tha kobold.
Tha kobold hits ye wit' a +0 short sword.
Ye take 2 damage, an' haf 14/18 hp.
Ye hit tha kobold but do nay damage.
Tha kobold closely misses ye.
Ye hit tha kobold.
Ye kill tha kobold!
Thin's tha be 'ere: a +0 short sword; 3 stones; a kobold corpse Thin's tha be 'ere: a +0 short sword; 3 stones; a kobold corpse Okay, than.
Ye start restin'.
HP restored.
Health restored: 18 An adder comes inta view.
Found 2 poison'd darts.
Ye see 'ere a +0 whip.
A scorpion comes inta view.
Found 3 stones.
Tha adder hisses angrily.
Ye hit tha scorpion.
Tha scorpion be lightly wounded.
Tha scorpion barely misses ye.
Tha adder bites ye but does nay damage.
Ye barely miss tha scorpion.
Tha scorpion be lightly wounded.
Tha adder bites ye.
Tha scorpion stin's ye!
Ye be leth'lly poison'd!
Tha scorpion poisons ye!
Tha scorpion stin's ye.
* * * LOW HITPOINT WARNIN'
* * * Tha adder barely misses ye.
Ye take 14 damage, an' haf 4/18 hp.
MASSIVE DAMAGE!!
Ye hit tha scorpion.
Tha scorpion be moderately wounded.
Ye die...

#. ####. ### #.... ..#
#.##. #.# # ###.##.##.#
.# ...# ..#.# ..#
#.###.#.######...## ..
#..)..#.....S..(...
....##.###...)..@s......
......># #.............(
.......# #.##.#####...##
s..........##.# ..#
##..♣.≈~≈~~.#.# .#
.......♣.♣~~~.# #
##.W.~~~≈~≈~..#
#...≈...♣....# ..♣...
~..


You could see a scorpion and an adder.

Vanquished Creatures
  A worm (D:5)
  A kobold (D:4)
2 creatures vanquished.

Notes
Turn   | Place    | Note
-------+----------+-------------------------------------------
     0 | D:5      | ProzacElf the Demonspawn Delver began the quest for the
                  | Orb.
     0 | D:5      | Reached XP level 1. HP: 18/18 MP: 1/1
     3 | D:5      | Noticed an ogre
    40 | D:5      | Noticed a scorpion
   149 | D:5      | Found a hide-covered altar of Uskayaw.
   152 | D:4      | Noticed a phantom
   152 | D:4      | Noticed a scorpion
   181 | D:4      | Noticed a scorpion
   186 | D:4      | Succumbed to a scorpion's poison

Illustrated notes

Levels and vault maps discovered:
D:4:      layout_loops_cross, old_standard_altar, chequers_serial_rivers_marsh,
          dreamdust_wishing_well, minmay_surrounded
D:5:      layout_cave_pods, lemuel_round_altar, gammafunk_ghost_grave,
          hangedman_abyss_or_decor_slice, kennysheep_generic_room_7

Action                     || total
---------------------------++-------
  Melee: Mace              ||    13
 Armour: Leather armour    ||     2
  Dodge: Dodged            ||     7

Action                     || total
---------------------------++-------
  Melee: Mace              ||    13
 Armour: Leather armour    ||     2
  Dodge: Dodged            ||     7

Levels and vault maps discovered:
D:4:      layout_loops_cross, old_standard_altar, chequers_serial_rivers_marsh,
          dreamdust_wishing_well, minmay_surrounded
D:5:      layout_cave_pods, lemuel_round_altar, gammafunk_ghost_grave,
          hangedman_abyss_or_decor_slice, kennysheep_generic_room_7
